 Dungeon Crawl Stone Soup version 0.24.0-41-g2ae2f7f1be (webtiles) character file.

Game seed: 17292531721934205157, levelgen mode: deterministic

42 Gwanngwann the Grave Robber (level 3, -2/27 HPs)
             Began as a Ghoul Necromancer on Dec 13, 2019.
             Slain by a gnoll
             ... wielding a +0 whip
              (4 damage)
             ... on level 2 of the Dungeon.
             The game lasted 00:17:41 (1886 turns).

Gwanngwann the Grave Robber (Ghoul Necromancer)     Turns: 1886, Time: 00:17:41

Health: -2/27      AC:  7    Str: 11    XL:     3   Next: 56%
Magic:  4/5        EV:  6    Int: 11    God:
Gold:   80         SH:  7    Dex: 12    Spells: 5/6 levels left

rFire    . . .     SeeInvis .   k - +0 dagger
rCold    + . .     Gourm    .   h - +1 shield
rNeg     + + +     Faith    .   m - +0 scale mail
rPois    ∞         Spirit   .   (no helmet)
rElec    .         Reflect  .   i - +0 cloak
rCorr    .         Harm     .   (no gloves)
MR       .....                  (no boots)
Stlth    +.........             (no amulet)
HPRegen  0.00/turn              p - +3 ring of dexterity
MPRegen  0.09/turn              (no ring)

@: rotting
A: rotting body, claws 1, carnivore, cold resistance 1, negative energy
resistance 3, inhibited regeneration, torment resistance, unbreathing
a: no special abilities


You were on level 2 of the Dungeon.
You were not hungry.

You visited 1 branch of the dungeon, and saw 2 of its levels.

You collected 80 gold pieces.

Inventory:

Hand Weapons
 k - a +0 dagger (weapon)
Missiles
 e - 19 poisoned darts (quivered)
Armour
 a - a +0 robe
 b - a +0 robe
 h - a +1 shield (worn)
 i - a +0 cloak (worn)
 j - a +0 robe
 m - a +0 scale mail (worn)
 s - a +0 ring mail
Jewellery
 g - an uncursed ring of positive energy
 p - a +3 ring of dexterity (left claw)
Scrolls
 l - a scroll of fog
 o - 2 scrolls of magic mapping
 u - a scroll of identify
Potions
 f - a potion of heal wounds
 n - 2 potions of curing
 q - a potion of lignification
 r - 2 potions of degeneration {unknown}
 t - a potion of berserk rage {unknown}
Comestibles
 c - 5 rations


   Skills:
 + Level 0.3 Fighting
 + Level 0.3 Short Blades
 + Level 0.1 Armour
 + Level 2.2 Dodging
 + Level 2.3 Stealth
 + Level 0.4 Shields
 + Level 0.2 Unarmed Combat
 + Level 2.0 Spellcasting
 + Level 4.4 Necromancy


You had 5 spell levels left.
You knew the following spells:

 Your Spells              Type           Power        Failure   Level  Hunger
a - Pain                  Necr           ##..         89%         1    ##.....

Your spell library contained the following spells:

 Spells                   Type           Power        Failure   Level  Hunger
 Animate Skeleton         Necr           N/A          89%         1    ##.....
 Vampiric Draining        Necr           ##........   99%         3    ####...
 Regeneration             Chrm/Necr      #.........   100%        3    ####...
 Animate Dead             Necr           N/A          100%        4    #####..


Dungeon Overview and Level Annotations

Branches:
Dungeon (2/15)

Altars:
The Shining One


Innate Abilities, Weirdness & Mutations

Your body is rotting away.
You thrive on raw meat.
You are immune to poison.
You have sharp fingernails.
You are carnivorous and can eat meat at any time.
Your flesh is cold resistant. (rC+)
You are immune to negative energy. (rN+++)
You do not regenerate when monsters are visible.
You are immune to unholy pain and torment.
You can survive without breathing.


Message History

Press: ? - help, Shift-Dir - straight line, f - gnoll
Aim: a gnoll, wielding a +0 whip (lightly wounded, chance to defeat MR: 71%)
The gnoll struggles to resist.
You block the gnoll's attack.
You barely miss the gnoll.
The gnoll is lightly wounded.
The gnoll barely misses you.
You hit the gnoll.
The gnoll is heavily wounded.
The gnoll hits you with a +0 whip.
* * * LOW HITPOINT WARNING * * *
As you read the scroll of fog, it crumbles to dust.
The scroll dissolves into smoke.
The gnoll hits you with a +0 whip.
* * * LOW HITPOINT WARNING * * *
You hit the gnoll.
The gnoll is heavily wounded.
You block the gnoll's attack.
You hit the gnoll but do no damage.
The gnoll is heavily wounded.
The gnoll hits you with a +0 whip.
You die...

*,* *,* *,*
*,####,* *,*
*,...#,**********,*
*,....,,,,,,,,,,,,*
**#..,,,***********
#g.**** #g#* #g#
#@# ##############
#§# #.............
#§# #.###########.
#.###'###### #.
#..........# #.
#..........# #.
#####.........## #.
#..............# ##
#...........(..# #


You could see 2 gnolls.

Vanquished Creatures
  A worm (D:2)
  A dart slug (D:1)
  2 giant cockroaches (D:1)
  7 goblins
  A hobgoblin (D:2)
  5 jackals
  2 kobolds
  2 quokkas (D:2)
  4 bats
  8 rats
33 creatures vanquished.

Notes
Turn   | Place    | Note
-------+----------+-------------------------------------------
     0 | D:1      | Gwanngwann the Ghoul Necromancer began the quest for the
                  | Orb.
     0 | D:1      | Reached XP level 1. HP: 14/14 MP: 2/2
   225 | D:1      | Reached XP level 2. HP: 4/20 MP: 0/3
  1014 | D:2      | Reached XP level 3. HP: 20/25 MP: 4/4
  1214 | D:2      | Found a glowing golden altar of the Shining One.
  1886 | D:2      | Slain by a gnoll

Levels and vault maps discovered:
D:1:      psy_arrival_spokes, layout_rooms
D:2:      layout_basic, kennysheep_vampire_church, tso_altar, first_ration,
          kennysheep_small_spiral, minmay_tetromino_s4

Skill      XL: |  1  2  3 |
---------------+----------+-----
Dodging        | 2 |  2.2
Spellcasting   | 2 |  2.0
Fighting       | |  0.3
Short Blades   | |  0.3
Armour         | |  0.1
Stealth        | |  2.3
Shields        | |  0.4
Unarmed Combat | |  0.2
Necromancy     | |  4.4

Action                   || total
-------------------------++-------
Melee: Dagger            ||   239
       Unarmed           ||     9
 Cast: Pain              ||     4
  Use: Scroll            ||    11
  Eat: Chunk             ||    10
       Ration            ||     1
Armor: Robe              ||     4
       Scale mail        ||   176
Dodge: Dodged            ||   101
Block: Shield            ||   131
